 Dungeon Crawl Stone Soup version 0.31.0-11-ge490571c62 (webtiles) character file.

Game seed: 4323344361246072558

75803 ProzacElf the Severer (level 15, -3/126 HPs)
             Began as a Hill Orc Monk on Jan 29, 2024.
             Was a High Priest of Beogh.
             Slain by a profane servitor
             ... wielding a +1 whip of flaming
              (5 damage)
             ... on level 2 of the Abyss on Jan 30, 2024.
             The game lasted 01:08:54 (25343 turns).

ProzacElf the Severer (Hill Orc Monk)              Turns: 25343, Time: 01:08:55

Health: -3/126     AC: 23    Str: 26    XL:     15   Next: 51%
Magic:  35/35      EV: 12    Int: 10    God:    Beogh [*****.]
Gold:   1858       SH:  0    Dex: 16    Spells: 14/14 levels left

rFire   . . .        a - +2 hand axe (flame)
rCold   + . .        d - orb {light}
rNeg    + . .        h - +0 crystal plate armour "Elaepi Jann" {*Corrode rN+ MP+9 Dex+3}
rPois   .            (no helmet)
rElec   .            G - +1 cloak {Will+}
rCorr   .            r - +1 pair of gloves
SInv    .            S - +1 pair of boots {Stlth+}
Will    ++...        g - amulet of magic regeneration Stlth
                     l - ring of Romigosu {^Contam +Blink rC+ Str+4, =R}
HPRegen 0.41/turn    R - +5 ring of evasion
MPRegen 0.64/turn

%: corrode self (3%)
@: corroded
A: walk on water
a: Renounce Religion, Evoke Blink, Smiting, Recall Orcish Followers, Give Item
to Named Follower


You were on level 2 of the Abyss.
You worshipped Beogh.
Beogh was extremely pleased with you.
You visited 4 branches of the dungeon, and saw 21 of its levels.
You visited the Abyss 1 time.
You also visited: Ossuary, Bailey and Gauntlet.

You collected 1936 gold pieces.
You spent 78 gold pieces at shops.

Inventory:

Hand Weapons
 a - a +2 hand axe of flaming (weapon)
 b - the +11 Singing Sword {sonic wave}
   (You found it on level 4 of the Dungeon)
 f - a +2 battleaxe
 j - a +0 broad axe
Missiles
 o - 36 poisoned darts
 v - 15 javelins (quivered)
 E - 2 throwing nets
Armour
 d - an orb of light (worn)
 h - the +0 crystal plate armour "Elaepi Jann" (worn) {*Corrode rN+ MP+9 Dex+3}
   (You found it in a bailey)

   Dex+3:     It affects your dexterity (+3).
   rN+:       It protects you from negative energy.
   MP+9:      It affects your magic capacity (+9).
   *Corrode:  It may corrode you when you take damage.
 r - a +1 pair of gloves (worn)
 G - a +1 cloak of willpower (worn)
 S - a +1 pair of boots of stealth (worn)
Jewellery
 g - an amulet of magic regeneration (around neck)
 l - the ring of Romigosu (left hand) {^Contam +Blink rC+ Str+4, =R}
   (You found it in a Gauntlet)

   [ring of protection from cold]

   Str+4:     It affects your strength (+4).
   rC+:       It protects you from cold.
   +Blink:    It lets you blink.
   ^Contam:   It causes magical contamination when unequipped.
 w - a ring of resist corrosion
 F - a +4 ring of protection
 I - a ring of protection from fire
 K - a ring of see invisible
 R - a +5 ring of evasion (right hand)
 T - a ring of willpower
 V - a ring of flight
Wands
 n - a wand of iceblast (20)
 u - a wand of flame (6)
 B - a wand of quicksilver (5)
 H - a wand of mindburst (5)
 J - a wand of polymorph (15)
 X - a wand of digging (7)
Scrolls
 e - a scroll of poison
 m - 2 scrolls of teleportation
 q - a scroll of fog
 s - a scroll of fear
 D - 5 scrolls of immolation
 P - a scroll of torment
 Z - 3 scrolls of identify
Potions
 c - a potion of ambrosia {!e}
 i - 3 potions of cancellation
 p - 3 potions of mutation
 x - 6 potions of lignification
 z - 2 potions of curing
 A - 4 potions of resistance
 C - 6 potions of heal wounds
 L - 6 potions of enlightenment
 M - 3 potions of berserk rage
 N - 5 potions of might
 O - 2 potions of invisibility
 Q - 4 potions of brilliance
 W - 5 potions of haste
Miscellaneous
 k - a phantom mirror (inert)
 t - a phial of floods
 U - a tin of tremorstones (2/2)


   Skills:
 - Level 10.0 Fighting
 - Level 10.0 Long Blades
 + Level 17.5 Axes
 - Level 5.0 Throwing
 - Level 10.0 Armour
 - Level 5.0 Dodging
 - Level 3.0 Stealth
 - Level 15.0 Invocations
 + Level 12.3 Evocations


You had 14 spell levels left.
You didn't know any spells.
Your spell library contained the following spells:

 Spells                   Type           Power      Damage    Failure   Level
 Apportation              Tloc           0%         N/A       100%        1
 Ensorcelled Hibernation  Hex/Ice        0%         N/A       100%        2
 Lesser Beckoning         Tloc           0%         N/A       100%        2
 Static Discharge         Conj/Air       0%         3-3/arc   100%        2
 Call Canine Familiar     Summ           0%         N/A       100%        3
 Dazzling Flash           Conj/Hex       0%         N/A       100%        3
 Gell's Gravitas          Tloc           0%         N/A       100%        3
 Inner Flame              Hex/Fire       0%         N/A       100%        3
 Ozocubu's Armour         Ice            0%         N/A       100%        3
 Passwall                 Erth           0%         N/A       100%        3
 Sigil of Binding         Hex            0%         N/A       100%        3
 Swiftness                Air            0%         N/A       100%        3
 Teleport Other           Tloc           0%         N/A       100%        3
 Volatile Blastmotes      Fire/Tloc      0%         2d10      100%        3
 Animate Armour           Summ/Erth      0%         N/A       100%        4
 Brom's Barrelling Bould  Conj/Erth      0%         2d3       100%        4
 Dimensional Bullseye     Hex/Tloc       0%         N/A       100%        4
 Fulminant Prism          Conj/Alch      0%         3d5       100%        4
 Iskenderun's Mystic Bla  Conj/Tloc      0%         2d3       100%        4
 Manifold Assault         Tloc           0%         N/A       100%        4
 Summon Lightning Spire   Summ/Air       0%         N/A       100%        4
 Fireball                 Conj/Fire      0%         3d3       100%        5
 Irradiate                Conj/Alch      0%         3d11      100%        5
 Iskenderun's Battlesphe  Conj           0%         2d6       100%        5
 Lee's Rapid Deconstruct  Erth           0%         3d4*      100%        5
 Metabolic Englaciation   Hex/Ice        0%         N/A       100%        5
 Conjure Ball Lightning   Conj/Air       0%         3x3d6     100%        6
 Sculpt Simulacrum        Ice/Alch       0%         N/A       100%        6
 Starburst                Conj/Fire      0%         6d3       100%        6
 Orb of Destruction       Conj           0%         9d5       100%        7
 Ignition                 Fire           0%         3d3       100%        8
 Maxwell's Capacitive Co  Air            0%         ∞         100%        8


Dungeon Overview and Level Annotations

Branches:
Dungeon (13/15)            Temple (1/1) D:5            Lair (5/5) D:10
  Swamp (0/4) Lair:3        Snake (0/4) Lair:2        Slime (0/5) Lair:5
    Orc (2/2) D:12            Elf (0/3) Orc:2       Ossuary (visited)
 Bailey (visited)         Gauntlet (visited)
 Vaults: D:13-14

Altars:
Ashenzari
Cheibriados
Dithmenos
Elyvilon
Fedhas
Gozag
Hepliaklqana
Kikubaaqudgha
Makhleb
Nemelex Xobeh
Okawaru
Qazlal
Ru
Sif Muna
Trog
Uskayaw
Vehumet
Wu Jian
Xom
Yredelemnul
Zin
The Shining One
Beogh
Jiyva

Shops:
D:3 [   D:5 ?   D:6 :   D:12 [   Orc:1 [   Orc:2 =(*[

Annotations:
D:9 2 transporters, solopath's ghost, novice OnBe
D:11 1 runed translucent door, SPORTBETTER's ghost, novice MiBe
Lair:1 Nergalle
Orc:1 Urug


Message History

2 starspawn tentacles come inta view.
Ye take 4 damage, an' haf 46/126 hp.
Ye slash tha profane servitor!
Tha Screamin' Sword says, "Murder be tha only thin' tha has any meanin' thase days."
Ye send a blast o' sound all around ye.
Tha starspawn tentacle be severely damaged.
Tha tentacled starspawn be heavily damaged.
Tha starspawn tentacle be moderately damaged.
Tha profane servitor be severely damaged.
Tha profane servitor hits ye wit' a +1 whip o' flamin'!
* * * LOW HITPOINT WARNIN'
* * * Tha profane servitor draws str'ngth from yer injuries!
Tha profane servitor burns ye.
* * * LOW HITPOINT WARNIN'
* * * Tha profane servitor hits ye but does nay damage.
Tha profane servitor hits ye wit' a +1 whip o' flamin'.
* * * LOW HITPOINT WARNIN'
* * * Tha profane servitor draws str'ngth from yer injuries!
Tha profane servitor burns ye.
* * * LOW HITPOINT WARNIN'
* * * Tha profane servitor hits ye but does nay damage.
Ye take 22 damage, an' haf 24/126 hp.
As ye read tha scroll o' summonin', it crumbles ta dust.
Wisps o' shadow whirl around ye...
Tha profane servitor hits ye but does nay damage.
Tha profane servitor hits ye wit' a +1 whip o' flamin'.
* * * LOW HITPOINT WARNIN'
* * * Tha profane servitor burns ye.
* * * LOW HITPOINT WARNIN'
* * * Ye take 3 damage, an' haf 21/126 hp.
Tha Sin'in' Sword sighs.
Yer +2 hand axe o' flamin' bursts inta flame!
a - a +2 hand axe o' flamin' (weapon)
Tha profane servitor hits ye wit' a +1 whip o' flamin'!
* * * LOW HITPOINT WARNIN'
* * * Tha profane servitor draws str'ngth from yer injuries!
Tha profane servitor burns ye.
* * * LOW HITPOINT WARNIN'
* * * Tha profane servitor hits ye wit' a +1 whip o' flamin'.
Ye die...

#8# . .. ## #. ##
... ... . # . #
§# .. #... ###°§#
.##...# #.
.#°#### .#..#
..##.
..§.....X...5..#
##.
##...#.#.xw#A...#
##... #
..#...│.@# # ...#
..#.#│#X# . . .#
.#.#. #.Vw..# ..
. ##...
####.#..... ##.
..#### .###..##..
..## .# ## #.#
.#...# ... .#
####... . # #.
##.##. .


You could see a profane servitor (ally target), a tentacled starspawn, 2
starspawn tentacles, a friendly thrashing horror (summoned), a friendly small
abomination (summoned) and a friendly shadow imp (summoned).

Vanquished Creatures
  A minotaur (Gauntlet)
  An ettin (Orc:1)
  Josephine (Lair:5)
  6 hydras
  A catoblepas (Lair:5)
  A boulder beetle (D:11)
  2 two-headed ogres
  A deep troll shaman (Lair:5)
  An orc high priest (Orc:2)
  14 death yaks
  An occultist (D:13)
  A skyshark (Lair:5)
  A shadow wraith (Abyss:2)
  An arcanist (D:13)
  2 lindwurms
  A deep elf pyromancer (D:12)
  A necromancer (Gauntlet)
  2 orc knights (Orc:2)
  2 orc sorcerers
  A shining eye (Gauntlet)
  An ugly thing (D:13)
  An oklob plant (Lair:2)
  Maurice (D:8)
  A worldbinder (Gauntlet)
  2 cyclopes
  A manticore (D:11)
  8 black mambas
  A kobold blastminer (Orc:2)
  4 elephants
  13 cane toads
  7 large abominations (Abyss:2)
  2 gargoyles
  A kobold demonologist (D:12)
  3 rime drakes
  6 komodo dragons
  Jeremiah (D:9)
  An ancient zyme (Abyss:2)
  2 trolls
  4 polar bears
  Grinder (D:4)
  A hornet (D:9)
  14 blink frogs
  4 slime creatures
  81 yaks
  A ynoxinul (Abyss:2)
  A shadow (D:11)
  2 vampires
  4 wraiths
  2 wyverns
  2 golden eyes (Gauntlet)
  2 basilisks
  2 neqoxecs (Abyss:2)
  A steam dragon (D:8)
  6 vampire mosquitoes
  3 chaos spawn (Abyss:2)
  18 water moccasins
  6 orc warriors
  A black bear (Lair:5)
  An ogre (Orc:2)
  A boggart (Gauntlet)
  5 centaurs
  24 wolves
  A phantom (D:6)
  2 kobold brigands
  7 bullfrogs
  8 scorpions
  14 wights
  7 killer bees
  11 vampire bats
  3 howler monkeys (D:10)
  9 wolf zombies (Bailey)
  8 bullfrog zombies (Ossuary)
  An electric eel (Lair:2)
  6 jellies
  6 orc priests
  7 hounds
  An iron imp (Abyss:2)
  A sleepcap (D:6)
  4 iguanas
  8 orc wizards
  5 hell rats (Lair:1)
  4 crocodile zombies (Ossuary)
  2 hound zombies (Ossuary)
  8 howler monkey zombies (Ossuary)
  4 mummies (Ossuary)
  3 gnolls (D:10)
  13 adders
  A white imp (D:5)
  2 ufetubi (D:6)
  5 ribbon worms
  5 dart slugs
  18 orcs
  4 ball pythons
  3 endoplasms
  10 giant cockroaches
  6 goblins
  5 hobgoblins
  8 jackals
  2 quokkas
  3 ball python zombies (Ossuary)
  13 bats
  5 frilled lizards
  16 kobolds
  14 orc zombies (Bailey)
  6 rats
554 creatures vanquished.

Vanquished Creatures (collateral kills)
  Jorgrun (Orc:1)
  Gastronok (Lair:2)
  An orc warlord (Orc:2)
  2 orc high priests (Orc:2)
  A skyshark (Lair:2)
  2 cyclopes (D:12)
  A kobold blastminer (Orc:2)
  A torpor snail (Lair:3)
  2 cane toads
  A blink frog (Lair:3)
  2 wyverns (Lair:3)
  5 yaks
  2 basilisks (Lair:4)
  A warg (Orc:1)
  A vampire mosquito (Lair:3)
  A water moccasin (Lair:1)
  An ice beast (D:8)
  8 orc warriors
  4 wolves (Lair:3)
  2 ogres (Orc:2)
  A centaur (D:12)
  3 bullfrogs
  A gnoll sergeant (D:10)
  6 wights
  A howler monkey (D:9)
  3 orc priests (Orc:2)
  2 orc wizards (Orc:2)
  A gnoll (D:10)
  9 orcs
  3 goblins (D:8)
  4 orc zombies (Bailey)
74 creatures vanquished.

Vanquished Creatures (others)
  Urug (Orc:1)
  Nergalle (Lair:1)
  2 orc sorcerers (Orc:2)
  8 orc priests
  10 orc warriors
  11 orc wizards
  An ufetubus (Abyss:2)
  42 orcs
76 creatures vanquished.

Grand Total: 704 creatures vanquished

Notes
Turn   | Place    | Note
-------+----------+-------------------------------------------
     0 | D:1      | ProzacElf the Hill Orc Monk began the quest for the Orb.
     0 | D:1      | Reached XP level 1. HP: 19/19 MP: 1/1
   119 | D:1      | Reached XP level 2. HP: 26/26 MP: 2/2
   637 | D:2      | Reached XP level 3. HP: 26/31 MP: 3/3
   751 | D:2      | Reached skill level 5 in Axes
  1006 | D:2      | Reached XP level 4. HP: 39/39 MP: 4/4
  1010 | D:2      | Found a faded altar of an unknown god.
  1020 | D:2      | Identified the +3 spear of Obiter Dictum {flame, rF- Str+5}
  1572 | D:3      | Found Qureh's Antique Armour Boutique.
  2085 | D:4      | Reached XP level 5. HP: 45/45 MP: 5/5
  2200 | D:4      | Reached skill level 6 in Axes
  2239 | D:4      | Became a worshipper of Beogh the Brigand
  2239 | D:4      | Reached * piety under Beogh
  2239 | D:4      | Reached ** piety under Beogh
  2313 | D:4      | Reached XP level 6. HP: 50/51 MP: 6/6
  2377 | D:4      | Noticed Grinder
  2441 | D:4      | Killed Grinder
  2442 | D:4      | Reached skill level 7 in Axes
  2442 | D:4      | Reached XP level 7. HP: 11/57 MP: 1/7
  2807 | D:4      | Reached skill level 8 in Axes
  2807 | D:4      | Reached skill level 5 in Dodging
  3157 | D:4      | Reached skill level 9 in Axes
  3159 | D:4      | Found the +11 Singing Sword {sonic wave}
  3391 | D:5      | Entered Level 5 of the Dungeon
  3445 | D:5      | Reached skill level 1 in Invocations
  3445 | D:5      | Reached XP level 8. HP: 58/64 MP: 8/8
  3538 | D:5      | Reached skill level 10 in Axes
  3632 | D:5      | Found a white marble altar of Elyvilon.
  3686 | D:5      | Found The Oracle's Delphic Readings.
  3706 | D:5      | Bought 3 scrolls of identify for 78 gold pieces
  3979 | D:5      | Found a staircase to the Ecumenical Temple.
  3983 | Temple   | Entered the Ecumenical Temple
  4100 | D:6      | Found a shadowy altar of Dithmenos.
  4101 | D:6      | Found a hide-covered altar of Uskayaw.
  4101 | D:6      | Found a shimmering blue altar of Sif Muna.
  4102 | D:6      | Found a snail-covered altar of Cheibriados.
  4164 | D:6      | Found Figuasarph's Self-Improvement Boutique.
  4199 | D:6      | Reached skill level 5 in Invocations
  4298 | D:6      | Reached *** piety under Beogh
  5147 | D:7      | Found a sand-covered staircase.
  5157 | Ossuary  | Entered an ossuary
  5211 | Ossuary  | Reached XP level 9. HP: 70/70 MP: 15/15
  5417 | Ossuary  | Reached skill level 10 in Invocations
  5427 | Ossuary  | Reached skill level 1 in Long Blades
  5427 | Ossuary  | Reached skill level 1 in Armour
  5548 | D:7      | Reached **** piety under Beogh
  6560 | D:8      | Noticed a two-headed ogre
  6564 | D:8      | Killed a two-headed ogre
  6565 | D:8      | Reached skill level 5 in Armour
  6565 | D:8      | Reached XP level 10. HP: 13/77 MP: 12/17
  6651 | D:8      | Found a flagged portal.
  6768 | Bailey   | Entered a bailey
  6851 | Bailey   | Noticed a gargoyle
  6865 | Bailey   | Killed a gargoyle
  6993 | Bailey   | Identified the +0 crystal plate armour "Elaepi Jann"
                  | {*Corrode rN+ MP+9 Dex+3}
  7025 | Bailey   | Identified the +5 robe "Jepozam" {rC- Int+5}
  7930 | D:8      | Noticed Maurice
  7933 | D:8      | Killed Maurice
  8189 | D:9      | Reached skill level 10 in Long Blades
  8199 | D:9      | Reached skill level 1 in Evocations
  8306 | D:9      | Reached skill level 5 in Fighting
  8307 | D:9      | Noticed a two-headed ogre
  8312 | D:9      | Killed a two-headed ogre
  8312 | D:9      | Gained Orik as an ally
  8313 | D:9      | Reached XP level 11. HP: 43/86 MP: 18/18
  8346 | D:9      | Reached skill level 5 in Evocations
  8374 | D:9      | Noticed a moth of wrath
  8569 | D:9      | Found a transporter.
  8573 | D:9      | Found a transporter.
  8574 | D:9      | Found a bloodstained altar of Trog.
  8574 | D:9      | Noticed solopath's ghost (novice OnBe)
  8574 | D:9      | Found the necklace of Bloodlust {Fury *Rage Will++ Int-3
                  | Slay+6}
  8597 | D:9      | Noticed a deep troll
  8632 | D:9      | Noticed a two-headed ogre
  8672 | D:9      | Noticed Jeremiah
  8687 | D:9      | Killed Jeremiah
  8853 | D:9      | Found a sacrificial altar of Ru.
  8902 | D:10     | Entered Level 10 of the Dungeon
  8996 | D:10     | Your ally Orik died
  9315 | D:10     | Found a staircase to the Lair.
  9324 | Lair:1   | Entered Level 1 of the Lair of Beasts
  9968 | Lair:1   | Reached ***** piety under Beogh
  9970 | Lair:1   | Reached skill level 1 in Stealth
 10011 | Lair:1   | Noticed Nergalle
 10151 | Lair:1   | Your ally Nergalle died
 10180 | Lair:1   | Reached XP level 12. HP: 40/94 MP: 20/20
 10963 | Lair:1   | Reached skill level 10 in Evocations
 11391 | Lair:1   | Reached skill level 1 in Throwing
 12125 | Lair:2   | Found a staircase to the Snake Pit.
 12129 | Lair:2   | Reached skill level 11 in Axes
 12539 | Lair:2   | Noticed a skyshark
 12555 | Lair:2   | Killed a skyshark
 13064 | Lair:2   | Reached XP level 13. HP: 98/100 MP: 23/23
 13172 | Lair:2   | Noticed Gastronok
 13184 | Lair:2   | Killed Gastronok
 13185 | Lair:2   | Reached skill level 12 in Axes
 13577 | Lair:3   | Gained Dorog as an ally
 13682 | Lair:3   | Reached skill level 5 in Throwing
 14048 | Lair:3   | Found a staircase to the Swamp.
 14783 | Lair:3   | Reached skill level 13 in Axes
 15135 | Lair:4   | Found a gate leading to a gauntlet.
 15163 | Gauntlet | Entered a Gauntlet
 15163 | Gauntlet | Noticed a dire elephant
 15163 | Gauntlet | Found a transporter.
 15163 | Gauntlet | Found a transporter.
 15163 | Gauntlet | Found a transporter.
 15164 | Gauntlet | Found a transporter.
 15167 | Gauntlet | Found a transporter.
 15169 | Gauntlet | Found a large runed translucent door.
 15170 | Gauntlet | Found a large runed translucent door.
 15171 | Gauntlet | Found a large runed translucent door.
 15171 | Gauntlet | Found a large runed translucent door.
 15171 | Gauntlet | Found a runed translucent door.
 15172 | Gauntlet | Found a large runed translucent door.
 15178 | Gauntlet | Found a transporter.
 15184 | Gauntlet | Found a transporter.
 15186 | Gauntlet | Found a transporter.
 15194 | Gauntlet | Found a large runed translucent door.
 15195 | Gauntlet | Found a large runed translucent door.
 15196 | Gauntlet | Found a large runed translucent door.
 15197 | Gauntlet | Found a runed translucent gate.
 15198 | Gauntlet | Noticed a reaper
 15199 | Gauntlet | Found a transporter.
 15221 | Gauntlet | Found a transporter.
 15248 | Gauntlet | Found a transporter.
 15310 | Gauntlet | Found a large runed translucent door.
 15311 | Gauntlet | Found a large runed translucent door.
 15312 | Gauntlet | Found a large runed translucent door.
 15312 | Gauntlet | Found a large runed translucent door.
 15312 | Gauntlet | Found a runed translucent door.
 15313 | Gauntlet | Found a large runed translucent door.
 15314 | Gauntlet | Found a large runed translucent door.
 15315 | Gauntlet | Found a large runed translucent door.
 15315 | Gauntlet | Found a large runed translucent door.
 15316 | Gauntlet | Found a runed translucent gate.
 15316 | Gauntlet | Found a runed translucent gate.
 15318 | Gauntlet | Found a transporter.
 15418 | Gauntlet | Noticed a purple very ugly thing
 15418 | Gauntlet | Noticed an ironbound thunderhulk
 15425 | Gauntlet | Identified the ring of Romigosu {^Contam +Blink rC+ Str+4}
 15441 | Gauntlet | Reached skill level 15 in Invocations
 15556 | Gauntlet | Reached skill level 14 in Axes
 15620 | Gauntlet | Noticed a minotaur
 15631 | Gauntlet | Killed a minotaur
 15784 | Lair:4   | Found a dark tunnel.
 16181 | Lair:4   | Reached skill level 15 in Axes
 16247 | Lair:4   | Reached XP level 14. HP: 58/113 MP: 25/25
 16980 | Lair:5   | Entered Level 5 of the Lair of Beasts
 17664 | Lair:5   | Found a glowing golden altar of the Shining One.
 17998 | Lair:5   | Noticed Josephine
 18004 | Lair:5   | Killed Josephine
 18394 | Lair:5   | Reached skill level 10 in Fighting
 18657 | Lair:5   | Found a staircase to the Slime Pits.
 18657 | Lair:5   | Found a viscous altar of Jiyva.
 18848 | Lair:5   | Reached skill level 10 in Armour
 19660 | Lair:5   | Identified the +6 falchion "Qomoliec" {pain, Int+4}
 19670 | Lair:5   | Got Cept's Collected Works on Cloudy Orientation
 20336 | D:11     | Found a runed translucent door.
 20337 | D:11     | Noticed SPORTBETTER's ghost (novice MiBe)
 20337 | D:11     | Identified the +7 spear of Hepliaklqana's Hope {heavy,
                  | *Slow +Blink rElec Str+3}
 20626 | D:11     | Reached skill level 16 in Axes
 20926 | D:12     | Reached XP level 15. HP: 95/126 MP: 26/26
 20935 | D:12     | Reached ****** piety under Beogh
 21450 | D:12     | Found a roughly hewn altar of Beogh.
 21453 | D:12     | Found a staircase to the Orcish Mines.
 21653 | D:12     | Found Riariypi's Armour Boutique.
 21868 | Orc:1    | Entered Level 1 of the Orcish Mines
 21870 | Orc:1    | Noticed Urug
 22140 | Orc:1    | Noticed Jorgrun
 22150 | Orc:1    | Killed Jorgrun
 22485 | Orc:1    | Your ally Urug died
 22622 | Orc:1    | Found Maonun's Antique Armour Shop.
 22693 | Orc:2    | Entered Level 2 of the Orcish Mines
 22991 | Orc:2    | Found a staircase to the Elven Halls.
 23043 | Orc:2    | Gained Bogwik as an ally
 23776 | Orc:2    | Noticed an orc warlord
 23787 | Orc:2    | Paralysed by an orc sorcerer for 3 turns
 23810 | Orc:2    | Your ally Bogwik died
 24302 | Orc:2    | Gained Bogbrand as an ally
 24321 | Orc:2    | Gained Syrus as an ally
 24604 | Orc:2    | Found Zugecos's General Store.
 24605 | Orc:2    | Found Bobbenur's Jewellery Boutique.
 24607 | Orc:2    | Found Bisotz's Antique Armour Shop.
 24607 | Orc:2    | Found Zeuff's Antique Weapon Shop.
 24696 | Orc:2    | Killed an orc warlord
 24697 | Orc:2    | Reached skill level 17 in Axes
 25052 | Abyss:2  | Cast into level 2 of the Abyss (an occultist)
 25160 | Abyss:2  | Found a corrupted altar of Lugonu.
 25329 | Abyss:2  | Noticed a profane servitor
 25338 | Abyss:2  | Noticed a tentacled starspawn
 25343 | Abyss:2  | HP: 2/126 [profane servitor/+1 whip of flaming (6)]
 25343 | Abyss:2  | Slain by a profane servitor

Illustrated notes

Levels and vault maps discovered:
D:1:      wander_arrival_peaceful_grave, layout_rooms,
          minmay_misc_feat_more_columns
D:2:      minmay_roachtagon, layout_basic, basic_ecumenical_altar, serial_bayou,
          serial_bayou_pond_a, serial_bayou_pond_c, serial_bayou_pond_a,
          serial_bayou_pond_c
D:3:      layout_basic, serial_shops, nicolae_shop_just_a_little_nook
D:4:      old_forge, layout_loops_ring, hangedman_decor_diamond_cutter,
          minmay_misc_feat_alley, uniq_grinder
D:5:      layout_basic, elyvilon_altar_4, temple_statues, serial_bayou_ford_a,
          nicolae_nh_oracle_at_delphi
D:6:      layout_cave_pods, chequers_temple_overflow_statue_of_worship,
          dreamdust_wishing_well, nicolae_shop_self_help
D:7:      layout_gridville, enter_ossuary_1
D:8:      layout_gridville, enter_bailey_3, uniq_maurice
D:9:      layout_rooms, nicolae_ru_the_path_less_chosen,
          gammafunk_ghost_wrathful_warriors, uniq_jeremiah
D:10:     layout_basic, dpeg_oklobed_lair, serial_curves, eino_curves_01,
          eino_curves_01, eino_curves_04, eino_curves_03
D:11:     layout_loops_cross, ebering_ghost_funeral_grove
D:12:     layout_rooms, david_orc_5, serial_shops, nicolae_shop_hallway_plus,
          serial_glass, glass_columns_b, glass_columns_a
D:13:     minmay_tri_stars, layout_rooms, david_vaults_4, uniq_lodul
Temple:   eino_temple_scatter_basement
Lair:1:   layout_small_grid, roderic_batcave, minivault_24,
          cheibrodos_lair_reptile_den, grunt_megastairs_3,
          infiniplex_staircase_pool_2, uniq_nergalle
Lair:2:   layout_chaotic_city, minmay_snake_entry_six_corridors,
          fungi_pond_lemuel, uniq_gastronok
Lair:3:   layout_regular_city, minmay_swamp_entry_swarm, lemuel_old_faithful
Lair:4:   layout_gridlike, nicolae_volcano_entry_vermiform,
          gauntlet_entry_generic, chequers_serial_rivers_micro_d,
          grunt_megastairs_5
Lair:5:   grunt_lair_end_beastmaster, layout_hall_layers,
          minmay_slime_entry_pillars, basic_altar,
          chequers_serial_rivers_micro_b, st_stairs_3, uniq_josephine
Orc:1:    layout_caves, serial_shops, nicolae_shop_behind_doors, uniq_urug,
          uniq_jorgrun
Orc:2:    st_orc_congregation, layout_caves
Abyss:2:  base: D:12, hangedman_cross_veins, guppyfry_abyss_exit_imp_island,
          bh_abyss_exit_grid, lemuel_flamethrower_3, minivault_26,
          lemuel_flamethrower_2

Skill      XL: |  1  2  3  4  5  6  7  8  9 10 11 12 13 14 15 |
---------------+----------------------------------------------+-----
Dodging        | 3 4 5 |  5.0
Axes           | 5 6 7 9 10 11 15 16 17 | 17.5
Invocations    | 1 8 10 11 13 15 | 15.0
Long Blades    | 7 10 | 10.0
Armour         | 5 6 10 | 10.0
Fighting       | 5 7 10 | 10.0
Evocations     | 4 9 10 11 12 | 12.3
Stealth        | 3 |  3.0
Throwing       | 4 5 |  5.0

Action                     |  1- 3 |  4- 6 |  7- 9 | 10-12 | 13-15 || total
---------------------------+-------+-------+-------+-------+-------++-------
  Melee: Hand axe          |    98 |   137 |    82 |   216 |   463 ||   996
         Double sword      |       |       |   156 |   256 |   348 ||   760
  Throw: Javelin           |       |     2 |       |       |     3 ||     5
 Invoke: Convert to Beogh  |       |     1 |       |       |       ||     1
         Smiting           |       |     2 |     2 |    12 |    11 ||    27
  Evoke: Wand              |       |       |       |     1 |     8 ||     9
         Phantom mirror    |       |       |       |       |     2 ||     2
         Phial of floods   |       |       |       |       |     1 ||     1
    Use: Scroll            |       |       |    21 |     4 |     8 ||    33
         Potion            |       |       |     1 |     3 |    11 ||    15
   Stab: Held in net/web   |       |       |     1 |       |       ||     1
         Distracted        |       |       |       |     3 |     3 ||     6
         Petrified         |       |       |       |       |     2 ||     2
         Paralysed         |       |       |       |       |     7 ||     7
 Armour: Robe              |    39 |       |       |       |       ||    39
         Scale mail        |    13 |    64 |   122 |       |       ||   199
         Plate armour      |       |       |    32 |    42 |       ||    74
         Crystal plate arm |       |       |       |   298 |   798 ||  1096
  Dodge: Dodged            |    76 |    64 |   159 |   224 |   412 ||   935
         Repelled          |       |     2 |     3 |     3 |       ||     8

Action                     |  1- 3 |  4- 6 |  7- 9 | 10-12 | 13-15 || total
---------------------------+-------+-------+-------+-------+-------++-------
  Melee: Hand axe          |    98 |   137 |    82 |   216 |   463 ||   996
         Double sword      |       |       |   156 |   256 |   348 ||   760
  Throw: Javelin           |       |     2 |       |       |     3 ||     5
 Invoke: Convert to Beogh  |       |     1 |       |       |       ||     1
         Smiting           |       |     2 |     2 |    12 |    11 ||    27
  Evoke: Wand              |       |       |       |     1 |     8 ||     9
         Phantom mirror    |       |       |       |       |     2 ||     2
         Phial of floods   |       |       |       |       |     1 ||     1
    Use: Scroll            |       |       |    21 |     4 |     8 ||    33
         Potion            |       |       |     1 |     3 |    11 ||    15
   Stab: Held in net/web   |       |       |     1 |       |       ||     1
         Distracted        |       |       |       |     3 |     3 ||     6
         Petrified         |       |       |       |       |     2 ||     2
         Paralysed         |       |       |       |       |     7 ||     7
 Armour: Robe              |    39 |       |       |       |       ||    39
         Scale mail        |    13 |    64 |   122 |       |       ||   199
         Plate armour      |       |       |    32 |    42 |       ||    74
         Crystal plate arm |       |       |       |   298 |   798 ||  1096
  Dodge: Dodged            |    76 |    64 |   159 |   224 |   412 ||   935
         Repelled          |       |     2 |     3 |     3 |       ||     8

Levels and vault maps discovered:
D:1:      wander_arrival_peaceful_grave, layout_rooms,
          minmay_misc_feat_more_columns
D:2:      minmay_roachtagon, layout_basic, basic_ecumenical_altar, serial_bayou,
          serial_bayou_pond_a, serial_bayou_pond_c, serial_bayou_pond_a,
          serial_bayou_pond_c
D:3:      layout_basic, serial_shops, nicolae_shop_just_a_little_nook
D:4:      old_forge, layout_loops_ring, hangedman_decor_diamond_cutter,
          minmay_misc_feat_alley, uniq_grinder
D:5:      layout_basic, elyvilon_altar_4, temple_statues, serial_bayou_ford_a,
          nicolae_nh_oracle_at_delphi
D:6:      layout_cave_pods, chequers_temple_overflow_statue_of_worship,
          dreamdust_wishing_well, nicolae_shop_self_help
D:7:      layout_gridville, enter_ossuary_1
D:8:      layout_gridville, enter_bailey_3, uniq_maurice
D:9:      layout_rooms, nicolae_ru_the_path_less_chosen,
          gammafunk_ghost_wrathful_warriors, uniq_jeremiah
D:10:     layout_basic, dpeg_oklobed_lair, serial_curves, eino_curves_01,
          eino_curves_01, eino_curves_04, eino_curves_03
D:11:     layout_loops_cross, ebering_ghost_funeral_grove
D:12:     layout_rooms, david_orc_5, serial_shops, nicolae_shop_hallway_plus,
          serial_glass, glass_columns_b, glass_columns_a
D:13:     minmay_tri_stars, layout_rooms, david_vaults_4, uniq_lodul
Temple:   eino_temple_scatter_basement
Lair:1:   layout_small_grid, roderic_batcave, minivault_24,
          cheibrodos_lair_reptile_den, grunt_megastairs_3,
          infiniplex_staircase_pool_2, uniq_nergalle
Lair:2:   layout_chaotic_city, minmay_snake_entry_six_corridors,
          fungi_pond_lemuel, uniq_gastronok
Lair:3:   layout_regular_city, minmay_swamp_entry_swarm, lemuel_old_faithful
Lair:4:   layout_gridlike, nicolae_volcano_entry_vermiform,
          gauntlet_entry_generic, chequers_serial_rivers_micro_d,
          grunt_megastairs_5
Lair:5:   grunt_lair_end_beastmaster, layout_hall_layers,
          minmay_slime_entry_pillars, basic_altar,
          chequers_serial_rivers_micro_b, st_stairs_3, uniq_josephine
Orc:1:    layout_caves, serial_shops, nicolae_shop_behind_doors, uniq_urug,
          uniq_jorgrun
Orc:2:    st_orc_congregation, layout_caves
Abyss:2:  base: D:12, hangedman_cross_veins, guppyfry_abyss_exit_imp_island,
          bh_abyss_exit_grid, lemuel_flamethrower_3, minivault_26,
          lemuel_flamethrower_2
